 Dungeon Crawl Stone Soup version 0.31.0-11-ge490571c62 (webtiles) character file.

Game seed: 12552566153547259150

28 qw the Shooter (level 3, -1/20 HPs)
             Began as a Deep Elf Hunter on Feb 3, 2024.
             Succumbed to their own poison gas
             ... on level 1 of the Dungeon.
             The game lasted 00:00:02 (852 turns).

qw the Shooter (Deep Elf Hunter)                     Turns: 852, Time: 00:00:03

Health: -1/20      AC:  3    Str: 10    XL:     3   Next: 0%
Magic:  5/5        EV: 12    Int: 13    God:
Gold:   24         SH:  0    Dex: 18    Spells: 2/2 levels left

rFire   . . .        a - +0 shortbow
rCold   . . .        (shield currently unavailable)
rNeg    . . .        c - +0 leather armour
rPois   .            (no helmet)
rElec   .            (no cloak)
rCorr   .            (no gloves)
SInv    .            (no boots)
Will    .....        (no amulet)
Stlth   ++           (no ring)
HPRegen 0.23/turn    (no ring)
MPRegen 0.09/turn

%: no passive effects
@: lethally poisoned (-1 -> -6)
A: no striking features
a: no special abilities


You were on level 1 of the Dungeon.
You visited 1 branch of the dungeon, and saw 1 of its levels.

You collected 24 gold pieces.


   Skills:
 - Level 1.5 Fighting
 + Level 6.6 Ranged Weapons
 - Level 2.4 Dodging
 - Level 1.2 Stealth


You had 2 spell levels left.
You didn't know any spells.
Your spell library was empty.

Inventory:

Hand Weapons
 a - a +0 shortbow (weapon)
Armour
 c - a +0 leather armour (worn)
Potions
 g - a potion of berserk rage {unknown}
 i - a potion of haste {unknown}

Dungeon Overview and Level Annotations

Branches:
Dungeon (1/15)

Altars:


Message History

It was a scroll of poison.
Done exploring.
844 ||| READING scroll labelled IMEALI IMUCUO.
As you read the scroll labelled IMEALI IMUCUO, it crumbles to dust.
It is a scroll of identify.
844 ||| IDENTIFYING fizzy yellow potion;
f - a potion of degeneration Done exploring.
845 ||| DROPPING scroll of butterflies.
You drop a scroll of butterflies.
Done exploring.
846 ||| DROPPING potion of degeneration.
You drop a potion of degeneration.
Done exploring.
What level of the Dungeon? (default 1, ? - help) Sorry, I don't know how to get there.
Enter note:
Enter note:
Enter note:
Enter note:
Enter note:
Enter note:
Enter note:
Enter note:
Enter note:
Enter note:
Enter note:
Enter note: You are engulfed in poison gas.
You are poisoned.
You feel very sick.
848 ||| Stepping ~*~*~tactically~*~*~ (cloud).
You feel very sick.
Things that are here:
a potion of degeneration; a scroll of butterflies
There is a lethal amount of poison in your body!
You feel very sick.
There is a lethal amount of poison in your body!
You feel sick.
There is a lethal amount of poison in your body!
You feel sick.
There is a lethal amount of poison in your body!
You die...

.# #............##..##.#.#.# .#
###..........##...#.#.#.# ##
##########.###..#.#.#.#
############........#.#.#
######............###..###.#.####
........#########..........>.##..
###...######8######.........).'..
##..####.00000¤¤0###..#####..##..
##.###...¤00¤000@00##........##..
#..##....00¤¤¤00000¤##..###.###..
..##.....####0¤¤¤¤¤00##.###.# #..
####...### ###¤¤000¤##..##.# #..
###...## ##0¤00¤¤##.##.# ###
.....## ##0¤¤¤¤##.##.# ###..#
#00¤¤¤##.##.## #.##
##....##.#...# #.# #...<8#.#...#


There were no monsters in sight!

Vanquished Creatures
  A gnoll (D:1)
  5 ball pythons (D:1)
  5 bats (D:1)
  A giant cockroach (D:1)
  2 hobgoblins (D:1)
  2 kobolds (D:1)
  2 rats (D:1)
18 creatures vanquished.

Notes
Turn   | Place    | Note
-------+----------+-------------------------------------------
     0 | D:1      | qw the Deep Elf Hunter began the quest for the Orb.
     0 | D:1      | Reached XP level 1. HP: 12/12 MP: 3/3
     0 | D:1      | 0 ||| qw: Version: 0.3-a-157-g843a77d
     0 | D:1      | 0 ||| qw: Game counter: 3923
     0 | D:1      | 0 ||| qw: Melee chars always use a shield: true
     0 | D:1      | 0 ||| qw: God list: Okawaru
     0 | D:1      | 0 ||| qw: Allow faded altars: false
     0 | D:1      | 0 ||| qw: Do Orc after clearing Dungeon:15 true
     0 | D:1      | 0 ||| qw: Do second Lair branch before Depths: true
     0 | D:1      | 0 ||| qw: Lair rune preference: random
     0 | D:1      | 0 ||| qw: Goals: Normal
     0 | D:1      | 0 ||| PLANNING D:1-11
   291 | D:1      | HP: 2/12 [gnoll/+0 whip (6)]
   294 | D:1      | Reached skill level 6 in Ranged Weapons
   294 | D:1      | Reached XP level 2. HP: 1/16 MP: 4/4
   791 | D:1      | Reached XP level 3. HP: 20/20 MP: 5/5
   838 | D:1      | 838 ||| READING scroll labelled MOARCHUKIETT.
   843 | D:1      | 843 ||| READING scroll labelled TAUVIMU EXOS.
   844 | D:1      | 844 ||| READING scroll labelled IMEALI IMUCUO.
   844 | D:1      | 844 ||| IDENTIFYING fizzy yellow potion
   845 | D:1      | 845 ||| DROPPING scroll of butterflies.
   846 | D:1      | 846 ||| DROPPING potion of degeneration.
   848 | D:1      | 848 ||| Stepping ~*~*~tactically~*~*~ (cloud).
   849 | D:1      | HP: 3/20 [poisoned by you (poison gas)]
   850 | D:1      | HP: 1/20 [poisoned by you (poison gas)]
   852 | D:1      | Succumbed to their own poison gas

Levels and vault maps discovered:
D:1:      heliophobic_arrival_dark_side_of_the_moon, layout_basic

Skill      XL: |  1 |
---------------+----+-----
Ranged Weapons | 6 |  6.6
Fighting       | |  1.5
Dodging        | |  2.4
Stealth        | |  1.2

Action                     || total
---------------------------++-------
   Fire: Shortbow          ||    43
    Use: Scroll            ||     3
 Armour: Leather armour    ||     6
  Dodge: Dodged            ||    12

Table legend:
 A = Non-vault XP
 B = Vault XP
 C = Vault XP percentage of total XP
 D = Non-vault monster count
 E = Vault monster count
 F = Vault count percentage of total count
                 A         B        C        D         E       F
            +---------+---------+-------+---------+---------+-------
      Total |      41 |       0 |   0.0 |      18 |       0 |   0.0
            +---------+---------+-------+---------+---------+-------
        D:1 |      41 |       0 |   0.0 |      18 |       0 |   0.0
            +---------+---------+-------+---------+---------+-------
